 Dungeon Sprint DCSS version 0.26-a0-846-gcc8f1ee719 (webtiles) character file.

Game seed: 4029362404463182645

607 rocky1 the Frost Mage (level 7, -6/41 HPs)
             Began as a Gargoyle Ice Elementalist on Nov 20, 2020.
             Was an Elder of Sif Muna.
             Mangled by a freezing wraith (11 damage)
             ... in the Dungeon (Sprint VII: "The Pits").
             The game lasted 00:03:02 (889 turns).

rocky1 the Frost Mage (Gargoyle Ice Elementalist)    Turns: 889, Time: 00:03:03

Health: -6/41      AC: 15    Str: 12    XL:     7   Next: 43%
Magic:  3/12       EV: 12    Int: 17    God:    Sif Muna [****..]
Gold:   0          SH:  0    Dex: 10    Spells: 5/12 levels left

rFire    . . .     SeeInvis .   m - +2 flail (protect)
rCold    . . .     Faith    .   (no shield)
rNeg     + . .     Spirit   .   a - +0 robe
rPois    ∞         Reflect  .   (no helmet)
rElec    +         Harm     .   (no cloak)
rCorr    .         Rampage  .   (no gloves)
MR       .....     NoTele   +   (no boots)
Stlth    ++........             (no amulet)
HPRegen  0.13/turn              (no ring)
MPRegen  0.13/turn              (no ring)

@: icy armour, frozen ramparts, slowed, very slow
A: negative energy resistance 1, electricity resistance, unbreathing,
petrification resistance, rot immunity, AC +4
a: Channel Magic, Forget Spell, Divine Exegesis, Renounce Religion


You were in the Dungeon.
You worshipped Sif Muna.
Sif Muna was greatly pleased with you.
You visited 1 branch

Inventory:

Hand Weapons
 m - a +2 flail of protection (weapon)
Armour
 a - a +0 robe (worn)
Scrolls
 h - a scroll of blinking
 i - 3 scrolls of remove curse
 j - 5 scrolls of amnesia
 k - a scroll of summoning
Potions
 b - 2 potions of invisibility
 c - 6 potions of curing
 d - 5 potions of heal wounds
 e - a potion of haste
 f - 4 potions of magic
 g - 2 potions of berserk rage


   Skills:
 + Level 3.0 Fighting
 + Level 2.7 Maces & Flails
 + Level 2.9 Dodging
 - Level 2.1 Stealth
 + Level 3.3 Spellcasting
 - Level 14.0 Ice Magic
 + Level 3.0 Invocations


You had 5 spell levels left.
You knew the following spells:

 Your Spells              Type           Power        Failure   Level
a - Freeze                Ice            ####         1%          1
b - Frozen Ramparts       Ice            ######       1%          3
c - Ozocubu's Armour      Ice            ######..     1%          3

Your spell library contained the following spells:

 Spells                   Type           Power        Failure   Level
 Hailstorm                Conj/Ice       ####....     10%         4
 Summon Ice Beast         Ice/Summ       ####....     10%         4


Dungeon Overview and Level Annotations

Branches:
Dungeon (1/1)

Altars:
Ashenzari
Cheibriados
Dithmenos
Elyvilon
Fedhas
Gozag
Hepliaklqana
Kikubaaqudgha
Makhleb
Nemelex Xobeh
Okawaru
Qazlal
Ru
Sif Muna
Trog
Uskayaw
Vehumet
Wu Jian
Xom
Yredelemnul
Zin
The Shining One
Beogh
Jiyva
Lugonu


Innate Abilities, Weirdness & Mutations

You are resistant to torment.
Your stone body is resilient. (AC +4)
You are immune to poison.
You resist negative energy. (rN+)
You are resistant to electric shocks. (rElec)
You can survive without breathing.
You are immune to petrification.
You are immune to rotting.


Message History

A freezing wraith comes into view.
The freezing wraith completely resists.
The wall freezes the freezing wraith but do no damage.
Okay, then.
Okay, then.
Casting: Ozocubu's Armour (safe; 1% risk of failure)
Confirm with . or Enter, or press ? or * to list all spells.
A film of ice covers your body!
The freezing wraith completely resists.
The wall freezes the freezing wraith but do no damage.
The freezing wraith hits you. The freezing wraith freezes you!
* * * LOW HITPOINT WARNING * * *
The freezing wraith hits you.
* * * LOW HITPOINT WARNING * * *
The freezing wraith drains your vigour!
You feel yourself slow down.
You feel much better.
The freezing wraith completely resists.
The wall freezes the freezing wraith but do no damage.
The freezing wraith hits you. The freezing wraith freezes you!!
* * * LOW HITPOINT WARNING * * *
The freezing wraith hits you!
You die...

#.#........##.......#
#'###########.......#
#.......# #########
#...#...# #...#†..#
#.##.##.#+#
#.†.#...#.+
#...#...#W#
#.......'@#
###########


You could see a freezing wraith.

Vanquished Creatures
  Menkaure (D)
  A floating eye (D)
  An ice beast (D)
  A sky beast (D)
  A black bear (D)
  Blork the orc (D)
  An adder (D)
  2 river rats (D)
  A leopard gecko (D)
  A bat (D)
  4 jackals (D)
  A ball python skeleton (D)
  A frilled lizard (D)
  A kobold (D)
  A quokka zombie (D)
19 creatures vanquished.

Notes
Turn   | Place    | Note
-------+----------+-------------------------------------------
     0 | D        | rocky1 the Gargoyle Ice Elementalist began the quest for
                  | the Orb.
     0 | D        | Reached XP level 1. HP: 10/10 MP: 3/3
    20 | D        | Reached skill level 5 in Ice Magic
    20 | D        | Reached XP level 2. HP: 3/15 MP: 0/5
   269 | D        | Found a bloodstained altar of Trog.
   269 | D        | Found a shimmering blue altar of Sif Muna.
   269 | D        | Found a viscous altar of Jiyva.
   269 | D        | Found a hazy altar of Hepliaklqana.
   269 | D        | Found an opulent altar of Gozag.
   270 | D        | Found a glowing golden altar of the Shining One.
   270 | D        | Found a glowing silver altar of Zin.
   270 | D        | Found a basalt altar of Yredelemnul.
   270 | D        | Found a shimmering altar of Xom.
   270 | D        | Found an ornate altar of the Wu Jian Council.
   270 | D        | Found a sacrificial altar of Ru.
   270 | D        | Found a stormy altar of Qazlal.
   270 | D        | Found an iron altar of Okawaru.
   270 | D        | Found a sparkling altar of Nemelex Xobeh.
   270 | D        | Found a burning altar of Makhleb.
   270 | D        | Found a blossoming altar of Fedhas.
   270 | D        | Found a white marble altar of Elyvilon.
   270 | D        | Found a shadowy altar of Dithmenos.
   270 | D        | Found a snail-covered altar of Cheibriados.
   273 | D        | Found a corrupted altar of Lugonu.
   273 | D        | Found a radiant altar of Vehumet.
   273 | D        | Found a roughly hewn altar of Beogh.
   274 | D        | Found an ancient bone altar of Kikubaaqudgha.
   274 | D        | Found a hide-covered altar of Uskayaw.
   274 | D        | Found a broken altar of Ashenzari.
   275 | D        | Became a worshipper of Sif Muna the Loreminder
   291 | D        | Reached skill level 6 in Ice Magic
   329 | D        | Reached * piety under Sif Muna
   339 | D        | Reached ** piety under Sif Muna
   420 | D        | Reached skill level 7 in Ice Magic
   420 | D        | Reached XP level 3. HP: 19/19 MP: 3/6
   452 | D        | Learned a level 3 spell: Frozen Ramparts
   454 | D        | Noticed a floating eye
   454 | D        | Noticed Blork the orc
   455 | D        | Paralysed by a floating eye for 2 turns
   460 | D        | Paralysed by a floating eye for 2 turns
   460 | D        | Killed a floating eye
   460 | D        | Reached *** piety under Sif Muna
   461 | D        | Reached skill level 10 in Ice Magic
   461 | D        | Reached XP level 4. HP: 24/24 MP: 3/7
   461 | D        | Reached XP level 5. HP: 28/28 MP: 3/8
   466 | D        | Killed Blork the orc
   467 | D        | Reached skill level 11 in Ice Magic
   508 | D        | Learned a level 3 spell: Ozocubu's Armour
   633 | D        | Noticed a sky beast
   634 | D        | Noticed an ice beast
   643 | D        | Killed a sky beast
   644 | D        | Reached skill level 12 in Ice Magic
   644 | D        | Reached XP level 6. HP: 25/32 MP: 5/9
   651 | D        | Killed an ice beast
   652 | D        | Reached skill level 14 in Ice Magic
   792 | D        | Reached **** piety under Sif Muna
   793 | D        | Noticed a black bear
   798 | D        | Killed a black bear
   799 | D        | Reached skill level 1 in Fighting
   799 | D        | Reached skill level 1 in Maces & Flails
   799 | D        | Reached skill level 1 in Invocations
   799 | D        | Reached XP level 7. HP: 29/39 MP: 6/11
   874 | D        | Noticed Menkaure
   884 | D        | Killed Menkaure
   887 | D        | Noticed a freezing wraith
   888 | D        | HP: 2/41 [freezing wraith (5)]
   889 | D        | Mangled by a freezing wraith

Illustrated notes

Levels and vault maps discovered:
D:        pitsprint [storerooms_1, entrance_room_1, metal_vault_6, armoury_1,
          mini_pit_1, grid_room_1, main_hall_1, silver_pit, the_coven_3,
          the_vestibule_1, steel_vault_3, golden_pit, hallway_of_sentries,
          crystal_vault_4, iron_vault_3, final_vault]

Skill      XL: |  1  2  3  4  5  6  7 |
---------------+----------------------+-----
Ice Magic      | 5 7 10 12 14 | 14.0
Fighting       | 1 3 |  3.0
Maces & Flails | 1 2 |  2.7
Dodging        | 2 |  2.9
Invocations    | 1 3 |  3.0
Spellcasting   | 3 |  3.3
Stealth        | |  2.1

Action                   |  1- 3 |  4- 6 |  7- 9 || total
-------------------------+-------+-------+-------++-------
Melee: Unarmed           |     3 |       |       ||     3
       Mace              |    22 |     3 |       ||    25
       Flail             |       |    15 |     8 ||    23
 Cast: Freeze            |     5 |       |       ||     5
       Frozen Ramparts   |     1 |     2 |     1 ||     4
       Ozocubu's Armour  |       |       |     2 ||     2
  Use: Potion            |       |     1 |     1 ||     2
Armor: Robe              |    15 |     7 |     1 ||    23
Dodge: Dodged            |    23 |     9 |     3 ||    35

Table legend: (Time is in decaauts)
 A = Elapsed time spent in this place.
 B = Non-inter-level travel time spent in this place.
 C = Inter-level travel time spent in this place.
 D = Time resting spent in this place.
 E = Time spent auto-exploring this place.
 F = Levels seen in this place.
 G = Mean time per level.
                   A        B        C        D        E       F      G
               +--------+--------+--------+--------+--------+-----+--------+
         Total |    918 |    918 |      0 |    658 |      0 |   1 |  918.0 |
       Dungeon |    918 |    918 |      0 |    658 |      0 |   1 |  918.0 |
               +--------+--------+--------+--------+--------+-----+--------+

Top non-repeatable levels by time:
       D: 918 daAuts
